cohdb
Replays
Latest Replays
All Replays
Popular Replays
Top Player Replays
Match Explorer
How It Works
Community
CoH3 Stats
Reddit
Sign in to upload your games and track your stats! →
Sign in with Steam
Match 38652449
Unlisted
Match 38652449
Overview
Messages
Build Orders
End
Construct Barracks
Riflemen Squad
Riflemen Squad
Riflemen Squad
Riflemen Squad
Grenade Package
Construct Medical Station
Infantry Support Center
Construct Motor Pool
Selects Armored Battlegroup
Selects Veteran Crews
Selects Field Repairs
Riflemen Squad
M8 Greyhound Armored Car
Selects Fast Deploy
Engineer Squad
M8 Greyhound Armored Car
Engineer Squad
Selects War Machine
M8 Greyhound Armored Car
Demolitions Package
M8 Greyhound Armored Car
Engineer Squad
Munitions Surplus
Selects Seek and Destroy
ConcernedApe
Comoko
fullykabooly
김치워리어
0
0
Comments
sign in to comment!
No comments posted yet!